 Dungeon Crawl Stone Soup version 0.30-a0-760-g5a9884bb7c (webtiles) character file.

Game seed: 3257599845371104267

778 Mgcat the Covered (level 7, 0/63 HPs)
             Began as an Armataur Fighter on Feb 10, 2023.
             Was an Initiate of Makhleb.
             Slain by an ogre
             ... wielding a +0 giant spiked club
              (20 damage)
             ... on level 5 of the Dungeon.
             The game lasted 00:09:26 (4713 turns).

Mgcat the Covered (Armataur Fighter)                Turns: 4713, Time: 00:09:27

Health: 0/63       AC: 10    Str: 23    XL:     7   Next: 54%
Magic:  8/8        EV:  7    Int:  8    God:    Makhleb [......]
Gold:   189        SH: 10    Dex: 10    Spells: 6/6 levels left

rFire   . . .      SeeInvis .    a - +1 war axe
rCold   . . .      Faith    .    c - +0 buckler
rNeg    . . .      Spirit   .    b - +0 scale mail
rPois   .          Reflect  +    (no helmet)
rElec   .          Harm     .    (no cloak)
rCorr   +          Roll     +    j - +2 pair of gloves
Will    .....                    (no barding) Stlth
                                 f - amulet of reflection
HPRegen 0.30/turn                h - ring of resist corrosion
MPRegen 0.11/turn                (no ring)

@: no status effects
A: large, rugged brown scales 3, deformed body, armoured tail, roll, long
tongue, awkward tongue
a: Renounce Religion


You were on level 5 of the Dungeon.
You worshipped Makhleb.
Makhleb was noncommittal.
You visited 1 branch of the dungeon, and saw 5 of its levels.

You collected 189 gold pieces.

Inventory:

Hand Weapons
 a - a +1 war axe (weapon)
Armour
 b - a +0 scale mail (worn)
 c - a +0 buckler (worn)
 j - a +2 pair of gloves (worn)
   (You found it on level 3 of the Dungeon)
Jewellery
 f - an amulet of reflection (around neck)
   (You found it on level 1 of the Dungeon)
 h - a ring of resist corrosion (left hand)
   (You found it on level 1 of the Dungeon)
Scrolls
 d - 2 scrolls of amnesia
 i - a scroll of identify
 k - a scroll of magic mapping {!r}
 p - 2 scrolls of noise {!r}
 q - a scroll of silence
Potions
 g - 4 potions of curing
 l - a potion of cancellation
 m - a potion of flight
 n - a potion of lignification {!q}
 o - 3 potions of attraction {!q}


   Skills:
 + Level 4.1 Fighting
 * Level 4.6 Axes
 + Level 5.6 Armour
 + Level 5.1 Shields
 + Level 1.9 Invocations


You had 6 spell levels left.
You didn't know any spells.
Your spell library contained the following spells:

 Spells                   Type           Power      Damage    Failure   Level
 Shock                    Conj/Air       0%         1d3       77%         1
 Swiftness                Air            0%         N/A       98%         3
 Airstrike                Air            0%         2d(0-16)  100%        4


Dungeon Overview and Level Annotations

Branches:
Dungeon (5/15)
 Temple: D:4-7

Altars:
Cheibriados
Makhleb
Okawaru
Sif Muna

Shops:
D:3 =


Innate Abilities, Weirdness & Mutations

You are completely covered in rugged brown scales. (AC +3, +7% HP)
Armour fits poorly on your strangely shaped body.
You have a long armoured tail.
You roll when moving toward enemies. (Rampage)
Your long tongue fully drains potion bottles. (2x potion effects)
Your tongue gives you trouble enunciating. (1.5x scroll delay)


Message History

You closely miss the adder.
Your tail-slap misses the adder.
The adder is almost dead.
You hit the scorpion. You block the adder's attack.
The scorpion stings you but does no damage.
You block the adder's attack.
Spoiler Alert: The ogre can hit for high damage in melee!
You miss the adder.
The adder is almost dead.
You hit the scorpion but do no damage. You hit the orc.
You block the scorpion's attack. The orc closely misses you.
The adder closely misses you.
The scorpion stings you but does no damage.
Spoiler Alert: The ogre can hit for high damage in melee!
You closely miss the adder.
The adder is almost dead.
You closely miss the orc. You closely miss the scorpion.
You block the adder's attack. The orc hits you but does no damage.
The scorpion stings you but does no damage.
The adder bites you but does no damage. The orc hits you but does no damage.
Spoiler Alert: The ogre can hit for high damage in melee!
You slash the adder!
You kill the adder!
Makhleb accepts your kill.
You barely miss the orc. You hit the scorpion.
The scorpion stings you but does no damage.
The hound barely misses you. The scorpion stings you.
You block the orc's attack.
You take 1 damage, and have 58/63 hp.
Spoiler Alert: The ogre can hit for high damage in melee!
You closely miss the scorpion.
Your tail-slap misses the scorpion.
The scorpion is severely wounded.
You barely miss the hound. You slash the orc!
You kill the orc!
Makhleb accepts your kill. You block the hound's attack.
The scorpion stings you but does no damage.
The hound bites you but does no damage. x2; You block the scorpion's attack.
Spoiler Alert: The ogre can hit for high damage in melee!
You barely miss the scorpion.
The scorpion is severely wounded.
You miss the hound. You closely miss the hound.
The hound bites you but does no damage. The hound closely misses you.
The hound bites you but does no damage. The scorpion barely misses you.
The hound barely misses you.
A jelly comes into view.
Spoiler Alert: The ogre can hit for high damage in melee!
The jelly quivers.
You slash the scorpion!
You kill the scorpion!
Makhleb accepts your kill.
You closely miss the hound. You hit the hound. You block the hound's attack. x3
The hound bites you.
You take 3 damage, and have 55/63 hp.
Spoiler Alert: The ogre can hit for high damage in melee!
You barely miss the hound.
The hound is lightly wounded.
You closely miss the hound. You hit the ogre. You block the hound's attack.
The hound bites you but does no damage. x2; The ogre closely misses you.
You closely miss the hound.
The hound is lightly wounded.
You slash the hound! You hit the ogre. The hound bites you but does no damage.
You block the hound's attack. The hound bites you but does no damage.
The hound bites you.
The ogre hits you with a +0 giant spiked club!!
You take 31 damage, and have 24/63 hp.
MASSIVE DAMAGE!!
Spoiler Alert: The ogre can hit for high damage in melee!
You are too injured to fight recklessly!
You are too injured to fight recklessly!
You are too injured to fight recklessly!
You are too injured to fight recklessly!
You slash the hound!
Your tail-slap misses the hound.
The hound is almost dead.
You hit the hound. You slash the ogre! The hound barely misses you.
You block the hound's attack. x3
A scorpion comes into view.
The ogre barely misses you.
Spoiler Alert: The ogre can hit for high damage in melee!
You hit the ogre.
The ogre is severely wounded.
You hit the hound. x2
You kill the hound!
Makhleb accepts your kill. You block the hound's attack.
The hound barely misses you.
Spoiler Alert: The ogre can hit for high damage in melee!
You barely miss the ogre. You tail-slap the ogre.
The ogre is severely wounded.
You barely miss the hound. You hit the jelly.
Your hands burn!
The hound bites you. You block the ogre's attack.
The jelly hits you but does no damage. The hound bites you but does no damage.
You take 3 damage, and have 22/63 hp.
Spoiler Alert: The ogre can hit for high damage in melee!
You hit the ogre.
The ogre is severely wounded.
You slash the hound!
You kill the hound!
Makhleb accepts your kill.
You hit the jelly but do no damage.
Your hands burn!
You block the jelly's attack.
The ogre hits you with a +0 giant spiked club!!
You die...

...<...# #...... .......# ###'
...... .......#. .... ......
.......#.. .... ..... .......#...
... ....
.......##'########'############'#
.................................
.................)...............
...)............@J..............g
..............##.O.###...##......
.............###.#.# .# ##.....
#########+##.###..s# #.....
................###. .......
..............#.# .# .#......
........(.......# . .......
.............###..# #. ##.####
....)........# #.


You could see an ogre, a scorpion and a jelly.

Vanquished Creatures
  Eustachio (D:5)
  6 scorpions
  3 hounds (D:5)
  Jessica (D:2)
  11 adders
  A white imp (D:5)
  An ufetubus (D:4)
  A worm (D:3)
  4 dart slugs
  4 orcs
  8 ball pythons
  5 endoplasms
  3 giant cockroaches
  7 goblins
  8 hobgoblins
  4 jackals (D:1)
  10 kobolds
  2 quokkas (D:2)
  6 bats
  4 frilled lizards
  2 rats
92 creatures vanquished.

Notes
Turn   | Place    | Note
-------+----------+-------------------------------------------
     0 | D:1      | Mgcat the Armataur Fighter began the quest for the Orb.
     0 | D:1      | Reached XP level 1. HP: 19/19 MP: 1/1
   226 | D:1      | Reached XP level 2. HP: 26/26 MP: 2/2
   253 | D:1      | Reached skill level 2 in Axes
   770 | D:1      | Reached skill level 4 in Armour
   770 | D:1      | Reached XP level 3. HP: 32/32 MP: 3/3
   834 | D:2      | Reached skill level 3 in Fighting
  1035 | D:2      | Noticed Jessica
  1039 | D:2      | Killed Jessica
  1040 | D:2      | Reached XP level 4. HP: 39/40 MP: 4/4
  1573 | D:3      | Reached skill level 4 in Shields
  1645 | D:3      | Found Gimygok's Jewellery Emporium.
  1710 | D:3      | Found a snail-covered altar of Cheibriados.
  1962 | D:3      | Reached XP level 5. HP: 46/48 MP: 5/5
  2094 | D:3      | Reached skill level 3 in Axes
  2607 | D:4      | Noticed an ogre
  2817 | D:4      | Found a shimmering blue altar of Sif Muna.
  3350 | D:4      | Reached XP level 6. HP: 54/54 MP: 6/6
  3354 | D:4      | Found a burning altar of Makhleb.
  3358 | D:4      | Became a worshipper of Makhleb the Destroyer
  3416 | D:4      | Found a burning altar of Makhleb.
  3468 | D:4      | Found a shimmering blue altar of Sif Muna.
  3750 | D:4      | HP: 6/54 [ogre/+0 giant club (25)]
  3755 | D:4      | HP: 7/54 [ogre/+0 giant club (13)]
  3871 | D:5      | Entered Level 5 of the Dungeon
  4145 | D:5      | Reached skill level 5 in Armour
  4237 | D:5      | Noticed Eustachio
  4242 | D:4      | Reached skill level 4 in Axes
  4242 | D:4      | Reached skill level 1 in Invocations
  4360 | D:5      | HP: 12/55 [shadow imp/nerve-wracking pain[Eustachio] (10)]
  4363 | D:5      | Killed Eustachio
  4364 | D:5      | Reached skill level 4 in Fighting
  4364 | D:5      | Reached skill level 5 in Shields
  4364 | D:5      | Reached XP level 7. HP: 14/63 MP: 6/8
  4545 | D:5      | Found an iron altar of Okawaru.
  4713 | D:5      | Slain by an ogre

Illustrated notes

Levels and vault maps discovered:
D:1:      lightli_arrival_isolated_outpost, layout_loops_ring, minmay_unequal
D:2:      layout_basic, uniq_jessica
D:3:      layout_basic, slow_altar_1, serial_shops, nicolae_shop_hallway_stairs
D:4:      layout_basic, mainiacjoe_overflow_24_doors, old_standard_altar
D:5:      layout_gridville, okawaru_trees_2, minmay_starry_boxes, uniq_eustachio

Skill      XL: |  1  2  3  4  5  6 |
---------------+-------------------+-----
Axes           | 2 3 4 |  4.6
Armour         | 4 5 |  5.6
Fighting       | 3 4 |  4.1
Shields        | 4 5 |  5.1
Invocations    | 1 |  1.9

Action                     |  1- 3 |  4- 6 |  7- 9 || total
---------------------------+-------+-------+-------++-------
  Melee: War axe           |    74 |   190 |    21 ||   285
         Tailslap          |     7 |    27 |     2 ||    36
    Use: Potion            |     1 |     2 |       ||     3
         Scroll            |       |    13 |     2 ||    15
 Armour: Scale mail        |    32 |   102 |    23 ||   157
  Dodge: Dodged            |    19 |    60 |    13 ||    92
  Block: Buckler           |    27 |   114 |    24 ||   165
         Reflection        |     2 |     2 |       ||     4

Table legend: (Time is in decaauts)
 A = Elapsed time spent in this place.
 B = Non-inter-level travel time spent in this place.
 C = Inter-level travel time spent in this place.
 D = Time resting spent in this place.
 E = Time spent auto-exploring this place.
 F = Levels seen in this place.
 G = Mean time per level.
                   A        B        C        D        E       F      G
               +--------+--------+--------+--------+--------+-----+--------+
         Total |   4833 |   4529 |    304 |    438 |   3162 |   5 |  966.6 |
       Dungeon |   4833 |   4529 |    304 |    438 |   3162 |   5 |  966.6 |
               +--------+--------+--------+--------+--------+-----+--------+

Top non-repeatable levels by time:
     D:4: 1527 daAuts
     D:3: 1175 daAuts
     D:2: 805 daAuts
     D:1: 783 daAuts
     D:5: 542 daAuts

Table legend:
 A = Kills in this place as a percentage of kills in entire the game.
 B = Kills by you in this place as a percentage of kills by you in the entire game.
 C = Kills by friends in this place as a percentage of kills by friends in the entire game.
 D = Other kills in this place as a percentage of other kills in the entire game.
 E = Experience gained in this place as a percentage of experience gained in the entire game.
 F = Experience gained in this place divided by the number of levels of this place that you have seen.
                   A       B       C       D       E      F
               +-------+-------+-------+-------+-------+----------------------
         Total | 100.0 | 100.0 |   N/A |   N/A | 100.0 | 230.8
       Dungeon | 100.0 | 100.0 |   N/A |   N/A | 100.0 | 230.8
               +-------+-------+-------+-------+-------+----------------------
